 Dungeon Crawl Stone Soup version 0.29.1-4-g47bece8355 (webtiles) character file.

Game seed: 13945862247587584185

388 javelincjr the Conjurer (level 6, -5/32 HPs)
             Began as a Deep Elf Conjurer on Dec 2, 2022.
             Slain by a lemure (7 damage)
             ... led by Pikel
             ... on level 3 of the Dungeon.
             The game lasted 00:20:16 (2772 turns).

javelincjr the Conjurer (Deep Elf Conjurer)         Turns: 2772, Time: 00:20:17

Health: -5/32      AC:  4    Str: 14    XL:     6   Next: 49%
Magic:  1/15       EV: 13    Int: 31    God:
Gold:   119        SH:  0    Dex: 15    Spells: 12/15 levels left

rFire   . . .      SeeInvis .   s - +7 war axe of the Mind {venom, *Rage rCorr Str+7 Dex+2 Stlth+}
rCold   x . .      Faith    .   (no shield)
rNeg    + . .      Spirit   .   t - +1 robe of the Armadillo {rElec rC- rN+}
rPois   .          Reflect  .   (no helmet)
rElec   +          Harm     .   (no cloak)
rCorr   +          Rampage  .   (no gloves)
Will    .....      Rage     20% f - +0 pair of boots
Stlth   +++.......              (no amulet)
HPRegen 0.10/turn               m - ring "Pevvuin" {Fly Str+3 Int+6}
MPRegen 0.14/turn               (no ring)

@: flying
A: no striking features
a: no special abilities


You were on level 3 of the Dungeon.
You visited 1 branch of the dungeon, and saw 5 of its levels.

You collected 119 gold pieces.

Inventory:

Hand Weapons
 k - a +0 short sword
 l - a +1 war axe of venom
 s - the +7 war axe of the Mind (weapon) {venom, *Rage rCorr Str+7 Dex+2 Stlth+}
   (You found it on level 5 of the Dungeon)

   It poisons the flesh of those it strikes.
   Str:       It affects your strength (+7).
   Dex:       It affects your dexterity (+2).
   *Rage:     It berserks you when you make melee attacks (+20% chance).
   rCorr:     It protects you from acid and corrosion.
   Stlth:     It makes you more stealthy.
Missiles
 q - 10 poisoned darts
Armour
 a - a +0 robe
 f - a +0 pair of boots (worn)
 t - the +1 robe of the Armadillo (worn) {rElec rC- rN+}
   (You found it on level 5 of the Dungeon)

   rC:        It makes you vulnerable to cold.
   rElec:     It insulates you from electricity.
   rN:        It protects you from negative energy.
Jewellery
 m - the ring "Pevvuin" (left hand) {Fly Str+3 Int+6}
   (You found it on level 2 of the Dungeon)

   [ring of intelligence]

   Str:       It affects your strength (+3).
   Int:       It affects your intelligence (+6).
   Fly:       It grants you flight.
Wands
 r - a wand of flame (16)
 u - a wand of mindburst (12)
Scrolls
 c - 2 scrolls of identify
 d - 2 scrolls of amnesia {unknown}
 e - a scroll of teleportation
 i - a scroll of brand weapon {unknown}
 j - 2 scrolls of noise {unknown}
 n - 2 scrolls of torment {unknown}
 o - a scroll of poison {unknown}
 v - a scroll of enchant armour {unknown}
 x - 2 scrolls of enchant weapon {unknown}
 y - a scroll of summoning {unknown}
Potions
 b - a potion of magic
 g - 2 potions of attraction
 h - a potion of curing {unknown}
 p - 2 potions of haste {unknown}
 w - a potion of mutation {unknown}


   Skills:
 + Level 0.3 Fighting
 + Level 3.5 Dodging
 + Level 3.3 Stealth
 + Level 5.2 Spellcasting
 + Level 7.1 Conjurations


You had 12 spell levels left.
You knew the following spells:

 Your Spells              Type           Power      Damage    Failure   Level
a - Magic Dart            Conj           100%       1d8       1%          1
b - Searing Ray           Conj           100%       2d8       1%          2

Your spell library contained the following spells:

 Spells                   Type           Power      Damage    Failure   Level
 Dazzling Flash           Conj/Hex       60%        N/A       3%          3
 Beastly Appendage        Tmut           16%        N/A       5%          1
 Wereblood                Tmut           8%         N/A       9%          2
 Fulminant Prism          Conj/Hex       15%        3d11      12%         4
 Iskenderun's Mystic Bla  Conj/Tloc      30%        2d8       12%         4
 Spider Form              Tmut/Pois      8%         N/A       16%         3
 Animate Dead             Necr           8%         N/A       47%         4
 Agony                    Necr           8%         N/A       83%         5
 Silence                  Hex/Air        4%         N/A       83%         5
 Haunt                    Necr/Summ      4%         N/A       100%        7
 Infestation              Necr           4%         N/A       100%        8


Dungeon Overview and Level Annotations

Branches:
Dungeon (5/15)
 Temple: D:4-7

Altars:
Kikubaaqudgha

Shops:
D:2 [

Annotations:
D:4 Ijyb


Message History

The magic dart hits the lemure.
You kill the lemure!
That felt strangely unrewarding.
The lemure hits you but does no damage.
Casting: Magic Dart (safe; 1% risk of failure)
Confirm with . or Enter, or press ? or * to list all spells.
Aiming: Magic Dart (safe; 1% risk of failure)
Press: ? - help, Shift-Dir - straight line, f - lemure
Aim: a lemure (severely wounded, 100% to hit)
The magic dart hits the lemure but does no damage.
The lemure is severely wounded.
The lemure hits you!
* * * LOW HITPOINT WARNING * * *
Casting: Magic Dart (safe; 1% risk of failure)
Confirm with . or Enter, or press ? or * to list all spells.
Aiming: Magic Dart (safe; 1% risk of failure)
Press: ? - help, Shift-Dir - straight line, f/p - lemure
Aim: a lemure (severely wounded, 100% to hit)
The magic dart hits the lemure but does no damage.
The lemure is severely wounded.
The lemure hits you but does no damage. The lemure barely misses you.
You fly upwards.
There is a stone staircase leading down here.
Casting: Magic Dart (safe; 1% risk of failure)
Confirm with . or Enter, or press ? or * to list all spells.
Aiming: Magic Dart (safe; 1% risk of failure)
Press: ? - help, Shift-Dir - straight line, f - lemure
Aim: a lemure (severely wounded, 100% to hit)
The magic dart hits the lemure.
The lemure is severely wounded.
The lemure barely misses you.
Casting: Magic Dart (safe; 1% risk of failure)
Confirm with . or Enter, or press ? or * to list all spells.
Aiming: Magic Dart (safe; 1% risk of failure)
Press: ? - help, Shift-Dir - straight line, f/p - lemure
Aim: a lemure (severely wounded, 100% to hit)
The magic dart hits the lemure but does no damage.
The lemure is severely wounded.
The lemure hits you!
You die...

#..#...#
#....####
#..#..## ##.####
#..#..# #..#
#.##..# #.##
#.##..# ##.#
#.##..# #..#
#.##### #.##
##.### #.#
#..@5#####.####
#....##.......##
#....#.........##
#...............#
#####...........#
#...........#
##.........##
##...#...##
#########


You could see a lemure.

Vanquished Creatures
  An ogre (D:4)
  A centaur (D:3)
  2 lemures (D:4)
  A necrophage (D:5)
  A scorpion (D:5)
  Natasha (D:4)
  2 white imps (D:5)
  2 worms
  4 dart slugs
  4 orcs
  A ball python (D:2)
  A bat zombie (D:3)
  5 endoplasms
  A giant cockroach (D:1)
  7 goblins
  3 hobgoblins
  4 jackals
  5 bats
  2 frilled lizards (D:1)
  4 kobolds
  7 rats
  2 rat zombies (D:3)
61 creatures vanquished.

Notes
Turn   | Place    | Note
-------+----------+-------------------------------------------
     0 | D:1      | javelincjr the Deep Elf Conjurer began the quest for the
                  | Orb.
     0 | D:1      | Reached XP level 1. HP: 10/10 MP: 6/6
    33 | D:2      | Found Favi's Antique Armour Emporium.
   505 | D:1      | Reached XP level 2. HP: 15/15 MP: 5/8
   776 | D:2      | Reached skill level 5 in Conjurations
   989 | D:1      | Found a faded altar of an unknown god.
  1385 | D:2      | Reached XP level 3. HP: 19/19 MP: 5/9
  1520 | D:2      | Identified the ring "Pevvuin" {Fly Str+3 Int+6}
  1589 | D:2      | Learned a level 2 spell: Searing Ray
  1723 | D:4      | Noticed an ogre
  1734 | D:4      | Killed an ogre
  1735 | D:4      | Reached skill level 6 in Conjurations
  1735 | D:4      | Reached XP level 4. HP: 23/24 MP: 1/12
  1766 | D:4      | Noticed a lemure
  1777 | D:4      | You are sucked into a shaft and drop 1 floor!
  1777 | D:5      | Entered Level 5 of the Dungeon
  1811 | D:5      | Noticed a scorpion
  1859 | D:5      | Killed a scorpion
  1860 | D:5      | Reached XP level 5. HP: 28/28 MP: 7/13
  1864 | D:5      | Identified the +7 war axe of the Mind {venom, *Rage rCorr
                  | Str+7 Dex+2 Stlth+}
  1950 | D:5      | Identified the +1 robe of the Armadillo {rElec rC- rN+}
  1986 | D:4      | Noticed Natasha
  1988 | D:4      | Killed Natasha
  1989 | D:4      | Reached XP level 6. HP: 32/32 MP: 4/15
  2015 | D:4      | Noticed Ijyb
  2456 | D:3      | Reached skill level 5 in Spellcasting
  2456 | D:3      | Reached skill level 7 in Conjurations
  2633 | D:3      | Found an ancient bone altar of Kikubaaqudgha.
  2772 | D:3      | Slain by a lemure

Illustrated notes

Levels and vault maps discovered:
D:1:      minmay_arrival_nine_rooms, layout_basic,
          hellmonk_ecumenical_altar_dog_temple
D:2:      layout_rooms, serial_shops, shop
D:3:      layout_rooms, lemuel_zombie_altar_kikubaaqudgha
D:4:      layout_cave_pools, hangedman_decor_growths, uniq_ijyb, uniq_pikel,
          uniq_natasha
D:5:      layout_rooms

Skill      XL: |  1  2  3  4  5  6 |
---------------+-------------------+-----
Conjurations   | 5 6 7 |  7.1
Spellcasting   | 4 5 |  5.2
Dodging        | 3 |  3.5
Stealth        | 3 |  3.3
Fighting       | |  0.3

Action                   |  1- 3 |  4- 6 || total
-------------------------+-------+-------++-------
Melee: Unarmed           |     9 |       ||     9
       War axe           |     2 |     8 ||    10
       Short sword       |     1 |       ||     1
 Cast: Magic Dart        |    55 |    44 ||    99
       Searing Ray       |     2 |     9 ||    11
  Use: Scroll            |     2 |     1 ||     3
Armor: Robe              |    10 |    14 ||    24
Dodge: Dodged            |    18 |    17 ||    35
